Map: Triton LE

Players

Elazer - Winner!

  • Race: Zerg Zerg
  • League: Master
  • Spawn Location: 5:00

SortOf

  • Race: Zerg Zerg
  • League: Master
  • Spawn Location: 11:00

Event: NationWars 2019

VOD

Have the link to the VOD?

Description

Time

  • Played on: Oct. 13, 2019, 12:41 p.m.
  • Length: 5:27
Show
View Real Time Build Order
Export as new Build Order

Elazer Zerg - Winner!

Build Orders: Hatch First, Zergling Baneling 

Get SALT Encoding   

  12  0:00  Drone  
  13  0:12  Overlord  
  13  0:17  Drone  
  14  0:30  Drone x2  
  16  0:47  Hatchery  
  15  0:50  Drone  
  15  0:54  Drone  
  17  0:57  Drone  
  18  1:07  Extractor  
  17  1:12  Spawning Pool  
  17  1:15  Drone  
  17  1:18  Drone  
  18  1:27  Drone  
  19  1:39  Drone  
  20  1:52  Drone  
  21  1:59  Queen x2  
  21  2:00  Overlord  
  25  2:01  Drone  
  26  2:10  Drone  
  26  2:11  Drone, Metabolic Boost  
  28  2:20  Drone  
  28  2:21  Drone  
  30  2:31  Drone  
  30  2:36  Hatchery  
  30  2:39  Overlord  
  30  2:42  Drone  
  30  2:43  Drone  
  32  2:53  Drone x2  
  34  3:04  Zergling x4  
  36  3:07  Zergling x12  
  42  3:16  Overlord  
  42  3:17  Drone  
  43  3:21  Baneling Nest  
  43  3:25  Queen  
  44  3:33  Overlord  
  44  3:34  Drone  
  44  3:39  Drone  
  44  3:40  Drone x6  
  52  3:52  Overlord  
  52  3:53  Drone x3  
  55  3:59  Drone  
  52  4:03  Zergling x4  
  52  4:09  Evolution Chamber  
  52  4:10  Zergling x2  
  52  4:12  Zergling x12  
  59  4:17  Zergling x4  
  59  4:18  Baneling x2  
  59  4:23  Zergling x2  
  62  4:25  Zergling x2  
  62  4:30  Zergling x4  
  63  4:37  Zergling x2  
  63  4:38  Zergling x2  
  64  4:43  Zergling x2  
  64  4:44  Baneling x3  
  65  4:49  Overlord  
  65  4:54  Zergling x2  
  65  4:55  Zergling x14, Baneling x3  
  65  4:57  Zergling x2  
  74  5:01  Zergling x2  
Show
View Real Time Build Order
Export as new Build Order

SortOf Zerg 

Build Orders: Hatch First 

Get SALT Encoding   

  12  0:00  Drone  
  13  0:12  Overlord  
  13  0:17  Drone  
  14  0:31  Drone x2  
  16  0:49  Hatchery  
  15  0:52  Drone  
  15  0:55  Drone  
  17  0:58  Drone  
  18  1:09  Extractor  
  17  1:13  Spawning Pool  
  17  1:16  Drone  
  17  1:19  Drone  
  18  1:28  Drone  
  19  1:39  Drone  
  20  1:49  Overlord  
  20  2:00  Queen x2  
  24  2:02  Drone x2  
  26  2:08  Metabolic Boost  
  26  2:11  Drone  
  26  2:13  Drone  
  28  2:24  Drone x2  
  30  2:34  Drone x2  
  32  2:38  Hatchery  
  32  2:43  Overlord  
  31  2:49  Queen  
  33  2:52  Zergling x2  
  33  2:55  Drone  
  33  2:57  Drone  
  36  3:05  Drone x2  
  37  3:10  Evolution Chamber  
  37  3:11  Zergling x2  
  37  3:12  Zergling x2  
  39  3:13  Drone x3  
  39  3:17  Overlord  
  42  3:21  Drone x2  
  44  3:29  Lair  
  44  3:36  Drone x2  
  44  3:38  Extractor  
  44  3:41  Zergling x4  
  46  3:49  Zergling x6  
  46  3:53  Drone x2  
  51  3:56  Queen  
  51  4:02  Drone x4  
  50  4:10  Drone x2  
  50  4:13  Overlord  
  52  4:18  Roach Warren  
  52  4:19  Extractor  
  52  4:20  Queen  
  51  4:27  Drone x2  
  53  4:32  Zergling x2  
  53  4:33  Zergling x2  
  53  4:35  Drone x3  
  60  4:38  Drone x3  
  60  4:43  Extractor  
  59  4:51  Zergling x6  
  61  4:56  Zergling x4  
  61  4:57  Zergling x2  
Tags
 
Add a new tag
Caveats
  • Supply blocks, unpowered buildings, or Contaminate may cause inaccurate times.
  • Supply counts are checked every 10 seconds.